 Dungeon Crawl Stone Soup version 0.31-a0-355-g57cb03d3e8 (webtiles) character file.

Game seed: 15396636871510541329

93 Dordric the Insei (level 4, -1/28 HPs)
             Began as an Octopode Shapeshifter on July 24, 2023.
             Killed by nerve-wracking pain
             ... invoked by Grinder
              (14 damage)
             ... on level 3 of the Dungeon.
             The game lasted 00:01:39 (2005 turns).

Dordric the Insei (Octopode Shapeshifter)           Turns: 2005, Time: 00:01:40

Health: -1/28      AC:  1    Str: 14    XL:     4   Next: 62%
Magic:  4/4        EV: 13    Int: 10    God:
Gold:   240        SH:  0    Dex: 14    Spells: 3/3 levels left

rFire   . .          .
                       - Unarmed
rCold   . . .        (no shield)
rNeg    . . .        (helmet currently unavailable)
rPois   .            h - amulet of magic regeneration
rElec   .            k - ring of see invisible
rCorr   .            (no ring)
SInv    +            (no ring)
Will    .....        (no ring)
Stlth   ++           (no ring)
HPRegen 0.24/turn    (no ring)
MPRegen 0.49/turn    (no ring)
                     (no ring)

%: no passive effects
@: beast-form
A: beast (slay +2), almost no armour, amphibious, 8 rings, camouflage 1,
gelatinous body 1, (nimble swimmer 1), tentacles
a: Begin Untransformation


You were on level 3 of the Dungeon.
You were a hulking beast.
You visited 1 branch of the dungeon, and saw 3 of its levels.

You collected 240 gold pieces.

Inventory:

Jewellery
 h - an amulet of magic regeneration (around mantle)
 k - a ring of see invisible (left tentacle)
Talismans
 b - a beast talisman
Wands
 r - a wand of digging (1)
Scrolls
 c - 2 scrolls of poison {unknown}
 f - a scroll of fog {unknown}
 g - a scroll of silence {unknown}
 j - 2 scrolls of identify {unknown}
 m - a scroll of enchant weapon {unknown}
 n - a scroll of vulnerability {unknown}
 o - a scroll of immolation {unknown}
 p - a scroll of revelation {unknown}
 s - a scroll of teleportation {unknown}
Potions
 a - a potion of lignification
 d - a potion of curing {unknown}
 e - a potion of invisibility {unknown}
 i - a potion of haste {unknown}
 l - a potion of brilliance {unknown}
 q - 2 potions of berserk rage {unknown}


   Skills:
 - Level 1.0 Fighting
 - Level 2.0 Dodging
 + Level 4.2 Unarmed Combat
 + Level 3.9 Shapeshifting


You had 3 spell levels left.
You didn't know any spells.
Your spell library contained the following spells:

 Spells                   Type           Power      Damage    Failure   Level
 Freeze                   Ice            0%         1d3       36%         1
 Frozen Ramparts          Ice            0%         1d1       75%         3
 Hailstorm                Conj/Ice       0%         3d3       75%         3


Dungeon Overview and Level Annotations

Branches:
Dungeon (3/15)

Altars:
Cheibriados
Gozag
Kikubaaqudgha
Zin

Shops:
D:1 *

Annotations:
D:3 Grinder


Innate Abilities, Weirdness & Mutations

You are a hulking beast.
Your limbs bulge with bestial killing power. (Slay +2)
You cannot wear most types of armour.
You are amphibious.
You can wear up to eight rings at the same time.
Your skin changes colour to match your surroundings (Stealth+).
Your rubbery body absorbs attacks. (AC +1, EV +1)
((You are camouflaged when in or above water. (Stealth+)))
You have tentacles for arms and can constrict up to eight enemies at once.


Message History

Grinder is severely wounded.
You constrict Grinder.
Grinder blinks free!
Grinder blinks!
No target in view!
No target in view!
No target in view!
No target in view!
No target in view!
No target in view!
No target in view!
No target in view!
No target in view!
No target in view!
No target in view!
No target in view!
Grinder is nearby!
Grinder is nearby!
Grinder gestures at you. Pain shoots through your body!
You are too injured to fight recklessly!
You are too injured to fight recklessly!
You are too injured to fight recklessly!
You are too injured to fight recklessly!
You are too injured to fight recklessly!
You are too injured to fight recklessly!
You are too injured to fight recklessly!
You are too injured to fight recklessly!
You are too injured to fight recklessly!
You are too injured to fight recklessly!
You are too injured to fight recklessly!
You are too injured to fight recklessly!
You are too injured to fight recklessly!
You are too injured to fight recklessly!
You are too injured to fight recklessly!
You are too injured to fight recklessly!
You are too injured to fight recklessly!
Grinder gestures at you. Pain shoots through your body!
Ouch! That really hurt!
You die...

#.......####.........##..###..
#.......# #.........##.......
#.......# #.........##.......
#.......# #.........##....###
#.......# #.........##....# #
#.......# #.5.......##....# #
######### #.........##....# #
#.........####### #
#######.h.......# #####
................# #....
$...............# #.###
................# #.# <
................# #.#.#
................# #.#.#
............##### #.# #
............# #.#
............# #.# #


You could see Grinder.

Vanquished Creatures
  A mummy (D:3)
  2 adders (D:3)
  A worm (D:3)
  An orc (D:3)
  2 bats
  5 endoplasms
  3 giant cockroaches
  2 goblins
  8 hobgoblins
  4 jackals (D:2)
  5 kobolds
  3 quokkas
  10 ball pythons
  3 frilled lizards
  8 rats
58 creatures vanquished.

Notes
Turn   | Place    | Note
-------+----------+-------------------------------------------
     0 | D:1      | Dordric the Octopode Shapeshifter began the quest for the
                  | Orb.
     0 | D:1      | Reached XP level 1. HP: 13/13 MP: 1/1
   209 | D:1      | Found a faded altar of an unknown god.
   259 | D:1      | Reached XP level 2. HP: 18/18 MP: 2/2
   424 | D:1      | Found Faeda's General Store.
   561 | D:1      | You fall into a shaft and drop 1 floor!
   711 | D:2      | Reached XP level 3. HP: 23/23 MP: 3/3
  1331 | D:3      | Found an ancient bone altar of Kikubaaqudgha.
  1449 | D:3      | Found a snail-covered altar of Cheibriados.
  1455 | D:3      | Reached skill level 4 in Unarmed Combat
  1455 | D:3      | Reached XP level 4. HP: 28/28 MP: 4/4
  1655 | D:3      | Found an opulent altar of Gozag.
  1751 | D:3      | Found a glowing silver altar of Zin.
  1989 | D:3      | Noticed Grinder
  2005 | D:3      | Killed from afar by Grinder

Illustrated notes

Levels and vault maps discovered:
D:1:      ncdulo_wetmaze, layout_loops_ring, shapermc_ecumenical_altar_petra,
          serial_shops, shop_coins
D:2:      layout_basic, kennysheep_cluttered_room
D:3:      layout_basic, pdpol_temple_overflow_zin_treasury_gozag_greed,
          slow_altar_1, kiku_gazebo_pond_becter, uniq_grinder

Skill      XL: |  1  2  3 |
---------------+----------+-----
Unarmed Combat | 4 |  4.2
Fighting       | |  1.0
Dodging        | |  2.0
Shapeshifting  | |  3.9

Action                     |  1- 3 |  4- 6 || total
---------------------------+-------+-------++-------
  Melee: Unarmed           |    70 |    24 ||    94
         Constrict         |    15 |     4 ||    19
         Tentacles         |    10 |     5 ||    15
         Punch             |     2 |       ||     2
   Stab: Sleeping          |     8 |     3 ||    11
 Armour: Skin              |     4 |     1 ||     5
  Dodge: Dodged            |    31 |    11 ||    42

Table legend: (Time is in decaauts)
 A = Elapsed time spent in this place.
 B = Non-inter-level travel time spent in this place.
 C = Inter-level travel time spent in this place.
 D = Time resting spent in this place.
 E = Time spent auto-exploring this place.
 F = Levels seen in this place.
 G = Mean time per level.
                   A        B        C        D        E       F      G
               +--------+--------+--------+--------+--------+-----+--------+
         Total |   1998 |   1961 |     37 |      0 |   1644 |   3 |  666.0 |
       Dungeon |   1998 |   1961 |     37 |      0 |   1644 |   3 |  666.0 |
               +--------+--------+--------+--------+--------+-----+--------+

Top non-repeatable levels by time:
     D:2: 741 daAuts
     D:3: 696 daAuts
     D:1: 560 daAuts
